Map: At Eternity's Edge LE

Players

Choigalaxy

  • Race: Zerg Zerg
  • League: Diamond

인공지능 칸 (아주 쉬움) - Winner!

  • Race: Protoss Protoss

VOD

Have the link to the VOD?

Description

Time

  • Played on: Aug. 13, 2026, 4:43 a.m.
  • Length: 4:53
Show
View Real Time Build Order
Export as new Build Order

Choigalaxy Zerg 

Build Orders: Hatch First 

Get SALT Encoding   

  8  0:00  Drone  
  9  0:11  Drone  
  10  0:17  Drone  
  11  0:28  Overlord  
  11  0:33  Drone  
  12  0:46  Drone x2  
  14  0:52  Drone  
  15  1:12  Hatchery  
  15  1:16  Drone  
  15  1:19  Drone  
  15  1:23  Drone  
  17  1:37  Spawning Pool  
  16  1:40  Drone  
  16  1:43  Drone  
  16  1:45  Extractor  
  17  1:51  Drone  
  19  2:01  Drone  
  19  2:10  Overlord  
  19  2:22  Drone  
  20  2:25  Queen x2  
  20  2:28  Zergling x2  
  25  2:31  Zergling x2  
  25  2:34  Drone  
  27  2:41  Drone  
  28  2:47  Drone, Metabolic Boost  
  28  2:51  Drone  
  30  3:07  Hatchery  
  30  3:09  Drone  
  30  3:12  Overlord  
  30  3:16  Drone  
  30  3:18  Drone  
  32  3:30  Queen  
  32  3:32  Drone x3  
  37  3:37  Overlord  
  37  3:39  Drone  
  37  3:41  Drone  
  39  3:43  Drone  
  39  3:47  Overlord  
  40  3:54  Queen  
  42  3:57  Drone  
  42  3:58  Drone  
  42  4:00  Drone  
  45  4:03  Spore Crawler  
  45  4:04  Drone  
  45  4:07  Zergling x2  
  45  4:08  Zergling x2  
  47  4:21  Extractor  
  48  4:24  Roach Warren  
  48  4:25  Drone x2  
  48  4:26  Drone  
  48  4:28  Drone  
  48  4:30  Drone  
  52  4:32  Drone  
  52  4:37  Drone  
  52  4:38  Drone x2  
Show
View Real Time Build Order
Export as new Build Order

인공지능 칸 (아주 쉬움) Protoss - Winner!

Build Orders:  

Get SALT Encoding   

  8  0:00  Probe  
  9  0:13  Probe  
  10  0:25  Probe  
  11  0:37  Probe  
  12  0:48  Pylon  
  12  0:49  Probe  
  13  1:02  Probe  
  13  1:07  Assimilator  
  13  1:11  Gateway  
  14  1:15  Pylon  
  14  1:46  Assimilator  
  14  1:49  Probe  
  15  1:57  Probe  
  15  2:00  Cybernetics Core  
  16  2:05  Probe  
  16  2:13  Probe  
  18  2:24  Probe  
  18  2:26  Warp Gate  
  19  2:36  Probe  
  20  2:39  Stalker  
Tags
 
Add a new tag
Caveats
  • Supply blocks, unpowered buildings, or Contaminate may cause inaccurate times.
  • Supply counts are checked every 10 seconds.